 Dungeon Crawl Stone Soup version 0.21.0 (webtiles) character file.

158 Gorglomux the Firebug (level 5, -2/38 HPs)
             Began as a Draconian Fire Elementalist on Jan 6, 2018.
             Killed by divine providence
             ... invoked by an orc priest
              (16 damage)
             ... on level 3 of the Dungeon on Jan 7, 2018.
             The game lasted 00:11:13 (3887 turns).

Gorglomux the Firebug (Draconian Fire Elementalist) Turns: 3887, Time: 00:11:14

Health: -2/38      AC:  8    Str: 10    XL:     5   Next: 16%
Magic:  9/9        EV: 12    Int: 17    God:
Gold:   115        SH:  0    Dex: 11    Spells: 2/10 levels left

rFire    . . .     SeeInvis .   m - +1 trident (venom)
rCold    . . .     Gourm    .   (no shield)
rNeg     . . .     Faith    .   (armour unavailable)
rPois    +         Spirit   .   (helmet restricted)
rElec    .         Reflect  .   (no cloak)
rCorr    .         Harm     .   l - +2 pair of gloves
MR       .....                  (no boots)
Stlth    +.........             (no amulet)
HPRegen  0.12/turn              q - ring of loudness (curse)
MPRegen  0.11/turn              o - ring of poison resistance

@: no status effects
A: unfitting armour, cold-blooded, AC +5
a: no special abilities


You were on level 3 of the Dungeon.
You were very hungry.

You visited 1 branch of the dungeon, and saw 4 of its levels.

You collected 115 gold pieces.

Inventory:

Hand Weapons
 h - a +0 dagger
 m - a +1 trident of venom (weapon)
Armour
 l - a +2 pair of gloves (worn)
Jewellery
 i - an uncursed ring of fire
 o - a ring of poison resistance (right hand)
 q - a cursed ring of loudness (left hand)
Scrolls
 j - a scroll of enchant armour
 k - a scroll of amnesia {unknown}
 n - a scroll of teleportation {unknown}
 R - a scroll of identify
 S - a scroll of remove curse {unknown}
Potions
 d - a potion of mutation {!q}
 e - a potion of haste
Books
 a - a book of Flames

   Spells                             Type                      Level
   a - Flame Tongue                   Conjuration/Fire             1
   b - Throw Flame                    Conjuration/Fire             2
   c - Conjure Flame                  Conjuration/Fire             3
   d - Inner Flame                    Hexes/Fire                   3
   e - Sticky Flame                   Conjuration/Fire             4
   f - Fireball                       Conjuration/Fire             5
Comestibles
 b - 9 rations


   Skills:
 - Level 1.7 Dodging
 - Level 1.7 Stealth
 + Level 3.2 Spellcasting
 + Level 3.0 Conjurations
 + Level 4.1 Fire Magic


You had 2 spell levels left.
You knew the following spells:

 Your Spells              Type           Power        Failure   Level  Hunger
a - Flame Tongue          Conj/Fire      ##...        3%          1    None
b - Sticky Flame          Conj/Fire      ##......     36%         4    ####...
j - Conjure Flame         Conj/Fire      ##......     12%         3    ###....


Dungeon Overview and Level Annotations

Branches:
Dungeon (4/15)
 Temple: D:4-7

Altars:
Ashenzari
Nemelex Xobeh
Qazlal
Ru

Annotations:
D:3 komo4ek's ghost, amateur BaSu


Innate Abilities, Weirdness & Mutations

Your plain brown scales are hard. (AC +5)
You cannot fit into any form of body armour.
You are cold-blooded and may be slowed by cold attacks.


Message History

Level annotation: butt4ek's ghost, amateur BaSu
There is a stone staircase leading down here!
Unknown command!
Unknown command!
You completely miss the orc priest!
You annihilate the orc!!!
Your Butts skill increases to level 3!!!
The orc hits you with a mace!
The orc priest hits you but does no damage!
You barely miss the orc priest!
The orc priest hits you but does no damage!
The orc completely misses you!
The orc priest hits you with a short butt!
The orc hits you with a mace!
Unknown command!
You spit the orc priest like a butt!
The orc priest is poisoned!
The orc priest butts lightly wounded!
The orc priest mumbles some strange prayers to Beogh butt you!
Beogh smites you!!! rip

#........#.##........
#..........##.#.#....
#........####.#.#....
#........# #.#.#....
#........# #.#..#...
####.##### #..#..#..
#)# ##.##.... #o#
#.###... #@# #.# ##..
#o# #.## #.. #o# #..#
#.. #.# ######.# #..
#.# #...##.# #..
#####.#####...##.###..
#.............##..#...
#.............###...#.
#.............####..#.


You could see an orc priest and 2 orcs.

Vanquished Creatures
  A hound (D:4)
  Robin (D:2)
  5 adders
  A dart slug (D:1)
  2 leopard geckos
  5 orcs
  A giant cockroach (D:1)
  15 goblins
  7 hobgoblins
  A quokka (D:2)
  A ball python (D:3)
  4 bats
  6 frilled lizards
  5 kobolds
  7 rats
62 creatures vanquished.

Notes
Turn   | Place    | Note
-------+----------+-------------------------------------------
     0 | D:1      | Gorglomux the Draconian Fire Elementalist began the quest for the Orb.
     0 | D:1      | Reached XP level 1. HP: 14/14 MP: 3/3
   344 | D:1      | Reached XP level 2. HP: 20/20 MP: 3/5
  1440 | D:2      | Reached XP level 3. HP: 25/26 MP: 3/6
  1583 | D:2      | Learned a level 3 spell: Conjure Flame
  1610 | D:2      | Noticed Robin
  2161 | D:2      | Killed Robin
  2161 | D:2      | Reached XP level 4. HP: 28/33 MP: 0/8
  2865 | D:3      | Found a sparkling altar of Nemelex Xobeh.
  2865 | D:3      | Found a shattered altar of Ashenzari.
  2866 | D:3      | Reached skill level 3 in Spellcasting
  2876 | D:3      | Found a stormy altar of Qazlal.
  2876 | D:3      | Found a sacrificial altar of Ru.
  3205 | D:3      | Noticed komo4ek's ghost (amateur BaSu)
  3265 | D:2      | Learned a level 4 spell: Sticky Flame
  3513 | D:3      | Reached skill level 4 in Fire Magic
  3600 | D:4      | Reached XP level 5. HP: 38/38 MP: 7/9
  3885 | D:3      | Reached skill level 3 in Conjurations
  3887 | D:3      | Killed from afar by an orc priest

Skill      XL: |  1  2  3  4  5 |
---------------+----------------+-----
Conjurations   | 2 3 |  3.0
Spellcasting   | 3 |  3.2
Fire Magic     | 4 |  4.1
Dodging        | |  1.7
Stealth        | |  1.7

Action                   |  1- 3 |  4- 6 || total
-------------------------+-------+-------++-------
Melee: Unarmed           |     4 |       ||     4
       Tailslap          |     2 |     3 ||     5
       Dagger            |    22 |       ||    22
       Trident           |       |    43 ||    43
 Cast: Flame Tongue      |    81 |    13 ||    94
       Conjure Flame     |     2 |       ||     2
  Use: Scroll            |       |     4 ||     4
 Stab: Sleeping          |       |     2 ||     2
  Eat: Chunk             |     4 |     5 ||     9
Armor: Skin              |    20 |    31 ||    51
Dodge: Dodged            |    34 |    61 ||    95
